 Dungeon Crawl Stone Soup version 0.19.4-8-ga85b6b9 (webtiles) character file.

6818 vatarom the Protected (level 10, -11/79 HPs)
             Began as a Demonspawn Gladiator on Feb 12, 2017.
             Was a Priest of Qazlal.
             Mangled by Snorg (12 damage)
             ... on level 9 of the Dungeon.
             The game lasted 00:17:08 (8143 turns).

vatarom the Protected (Demonspawn Gladiator)        Turns: 8143, Time: 00:17:09

Health: -11/79     AC: 11    Str: 19    XL:     10   Next: 77%
Magic:  9/14       EV: 17    Int: 13    God:    Qazlal [***...]
Gold:   612        SH:  3    Dex: 14    Spells: 0 memorised, 9 levels left

rFire  . . .     SeeInvis .     G - +2 lajatang (vamp)
rCold  . . .     Gourm    .     E - +0 ring mail
rNeg   . . .     Faith    .     (shield currently unavailable)
rPois  .         Spirit   .     (helmet restricted)
rElec  .         Reflect  .     I - -1 cloak (curse)
rCorr  .         Harm     .     (no gloves)
MR     .....                    H - +0 pair of boots
Stlth  +.........               h - amulet of magic regeneration
                                n - +4 ring of strength
                                i - +2 ring of evasion

@: no status effects
A: horns 1, icy blue scales 2, clever 1, clumsy 1, powered by death 2, subdued
magic 1
a: Upheaval, Elemental Force, Renounce Religion


You were on level 9 of the Dungeon.
You worshipped Qazlal.
Qazlal was most pleased with you.
You were full.

You visited 2 branches of the dungeon, and saw 11 of its levels.

You collected 612 gold pieces.

Inventory:

Hand Weapons
 g - a +0 flail
 D - a +0 dire flail
 G - a +2 vampiric lajatang (weapon)
 L - a +4 quarterstaff of chaos
Missiles
 d - 3 throwing nets (quivered)
Armour
 j - a +2 cloak
 E - a +0 ring mail (worn)
 H - a +0 pair of boots (worn)
 I - a cursed -1 cloak (worn)
Jewellery
 h - an amulet of magic regeneration (around neck)
 i - a +2 ring of evasion (left hand)
 n - a +4 ring of strength (right hand)
Wands
 F - a wand of lightning (5/15)
 K - a wand of iceblast (3/15)
 M - a wand of random effects (24/48)
Scrolls
 e - 2 scrolls of amnesia
 m - 11 scrolls of identify
 s - a scroll of enchant weapon
 u - a scroll of magic mapping
 x - 7 scrolls of remove curse
 A - 2 scrolls of fog
Potions
 l - 3 potions of lignification
 o - a potion of resistance {unknown}
 t - a potion of brilliance
 w - 3 potions of agility
 B - a potion of magic
 C - a potion of beneficial mutation {unknown}
 J - a potion of flight
Comestibles
 c - 3 slices of pizza
 f - 3 bread rations
 k - 6 beef jerkies
 p - 5 meat rations
 q - 2 royal jellies
 r - a fruit


   Skills:
 - Level 7.0 Fighting
 + Level 8.4 Staves
 - Level 2.0 Throwing
 - Level 8.4 Armour
 - Level 6.7 Dodging
 * Level 6.1 Invocations


You had 9 spell levels left.
You didn't know any spells.

Dungeon Overview and Level Annotations

Branches:
Dungeon (10/15)            Temple (1/1) D:4            Lair (0/6) D:8
    Orc: D:9-12

Altars:
Ashenzari
Cheibriados
Dithmenos
Elyvilon
Fedhas
Gozag
Hepliaklqana
Kikubaaqudgha
Makhleb
Nemelex Xobeh
Okawaru
Qazlal
Ru
Sif Muna
Trog
Uskayaw
Vehumet
Xom
Yredelemnul
Zin
The Shining One

Shops:
D:5 *   D:7 [   D:10 ?

Annotations:
D:9 Snorg
D:10 Fannar


Innate Abilities, Weirdness & Mutations

You have a pair of small horns on your head.
You are mostly covered in icy blue scales. (AC +3)
You regenerate health from kills.
Your mind is acute. (Int +2)
You are clumsy. (Dex -2)
Your spells are a little easier to cast, but a little less powerful.


Message History

Snorg bites you!!
* * * LOW HITPOINT WARNING * * *
Snorg barely misses you. Snorg misses you.
Unknown command.
Your water elemental barely misses Snorg.
Snorg closely misses you. Snorg claws you!
* * * LOW HITPOINT WARNING * * *
Snorg barely misses you.
You see here a mace.
Okay, then.
Your water elemental is engulfed in freezing vapours.
Your water elemental hits Snorg!
Your water elemental engulfs Snorg in water!
You catch the helpless Snorg completely off-guard!
You slice Snorg!!
You feel better.
Snorg is moderately wounded.
Snorg bites you but does no damage. Snorg claws you!
* * * LOW HITPOINT WARNING * * *
Snorg claws you!
You die...

.....#...........#...#....#
.....#...............#....#
.....#...............#....#
.....#...............#....#
###..##.....#....#####....#
......#...................#
......#...................#
......#........E..........#
..#####.......>T@.........#
..#...........§.§§........#
..#...######.....#........#
..#...#......[[).#..(.....#
#######....[..)..#........#
..#...#....[.....#........#
..#...#....).....#...######
..#...#...#......#........#
..#...#...#......#........#


You could see Snorg (berserk) and a friendly water elemental.

Vanquished Creatures
  Pikel (D:4)
  Psyche (D:10)
  A gargoyle (D:9)
  A two-headed ogre (D:8)
  2 hippogriffs
  4 yaks (D:9)
  Edmund (D:4)
  3 orc warriors
  5 sky beasts
  An ice beast (D:8)
  3 slaves
  3 black bears
  A necrophage (D:6)
  An eye of draining (D:8)
  6 ogres
  3 phantoms
  4 centaurs
  A crocodile (D:9)
  A big kobold (D:9)
  Blork the orc (D:6)
  5 bullfrogs
  A water moccasin zombie (D:5)
  3 scorpions
  3 killer bees (D:8)
  A howler monkey (D:5)
  4 crimson imps
  A bullfrog zombie (D:8)
  2 centaur zombies
  5 hounds
  2 jellies
  Crazy Yiuf (D:2)
  An orc priest (D:9)
  A gnoll shaman (D:7)
  8 orc wizards
  An iguana (D:8)
  Terence (D:3)
  8 worker ants
  A hound zombie (D:5)
  2 worker ant zombies
  4 gnolls (D:7)
  A howler monkey skeleton (D:5)
  14 adders
  2 adder zombies
  2 adder skeletons
  2 dart slugs (D:1)
  3 worms
  3 leopard geckos
  35 orcs
  3 bats
  5 giant cockroaches
  7 goblins
  3 hobgoblins
  6 jackals
  8 kobolds
  4 quokkas
  3 ball pythons
  4 frilled lizards
  5 rats
209 creatures vanquished.

Vanquished Creatures (others)
  An orc (D:4)
  A jackal (D:7)
2 creatures vanquished.

Grand Total: 211 creatures vanquished

Notes
Turn   | Place    | Note
-------+----------+-------------------------------------------
     0 | D:1      | vatarom the Demonspawn Gladiator began the quest for the Orb.
     0 | D:1      | Reached XP level 1. HP: 16/16 MP: 1/1
   123 | D:1      | Gained mutation: You have a pair of small horns on your head. [demonic ancestry]
   123 | D:1      | Reached XP level 2. HP: 23/23 MP: 2/2
   359 | D:1      | Gained mutation: You are clumsy. (Dex -2) [potion of mutation]
   359 | D:1      | Gained mutation: Your spells are a little easier to cast, but a little less powerful. [potion of mutation]
   359 | D:1      | Gained mutation: Your mind is acute. (Int +2) [potion of mutation]
   852 | D:2      | Reached XP level 3. HP: 24/29 MP: 3/3
  1152 | D:2      | Found a runed door.
  1158 | D:2      | Noticed Crazy Yiuf
  1164 | D:2      | Killed Crazy Yiuf
  1164 | D:2      | Reached XP level 4. HP: 25/38 MP: 4/4
  1379 | D:3      | Reached skill level 5 in Fighting
  1418 | D:3      | Reached XP level 5. HP: 38/44 MP: 5/5
  1494 | D:3      | Noticed Terence
  1502 | D:3      | Killed Terence
  2123 | D:4      | Reached skill level 1 in Armour
  2132 | D:4      | Found a staircase to the Ecumenical Temple.
  2145 | Temple   | Entered the Ecumenical Temple
  2204 | Temple   | Became a worshipper of Qazlal Stormbringer
  2237 | D:4      | Noticed a slave
  2239 | D:4      | Noticed Pikel
  2239 | D:4      | Noticed a slave
  2242 | D:4      | Noticed a slave
  2256 | D:4      | Noticed a slave
  2278 | D:3      | Killed a slave
  2280 | D:3      | Killed a slave
  2455 | D:4      | HP: 3/69 [slave[Pikel] (3)]
  2458 | D:4      | HP: 1/69 [slave[Pikel] (1)]
  2461 | D:4      | Killed a slave
  2472 | D:4      | Killed Pikel
  2472 | D:4      | Reached skill level 5 in Armour
  2472 | D:4      | Gained mutation: You regenerate a little health from kills. [demonic ancestry]
  2472 | D:4      | Reached XP level 6. HP: 5/52 MP: 6/6
  2472 | D:4      | Gained mutation: You regenerate health from kills. [demonic ancestry]
  2472 | D:4      | Reached XP level 7. HP: 5/58 MP: 7/7
  3072 | D:4      | Noticed Edmund
  3085 | D:4      | Killed Edmund
  3117 | D:5      | Entered Level 5 of the Dungeon
  3119 | D:5      | Gained mutation: You are partially covered in icy blue scales. (AC +2) [demonic ancestry]
  3119 | D:5      | Reached XP level 8. HP: 57/64 MP: 8/8
  3148 | D:5      | Found Wuqat's General Store.
  3310 | D:5      | Reached * piety under Qazlal
  3932 | D:6      | Noticed Blork the orc
  3942 | D:6      | Killed Blork the orc
  3977 | D:6      | Reached XP level 9. HP: 59/69 MP: 9/9
  4036 | D:6      | Reached skill level 5 in Staves
  4502 | D:7      | Found Xiboi's Armour Shop.
  4604 | D:7      | Reached ** piety under Qazlal
  5099 | D:8      | Reached skill level 5 in Dodging
  5172 | D:8      | Identified a scroll of acquirement
  5247 | D:8      | Gained mutation: You are mostly covered in icy blue scales. (AC +3) [demonic ancestry]
  5247 | D:8      | Reached XP level 10. HP: 76/76 MP: 10/10
  5494 | D:8      | Found a staircase to the Lair.
  6316 | D:9      | Reached skill level 1 in Invocations
  6341 | D:9      | Reached *** piety under Qazlal
  6823 | D:10     | Entered Level 10 of the Dungeon
  6823 | D:10     | Noticed Psyche
  6835 | D:10     | Killed Psyche
  6906 | D:10     | Noticed Fannar
  7349 | D:10     | Found Jekle's Magic Scroll Shop.
  7368 | D:10     | Noticed Snorg
  7415 | D:9      | Reached skill level 5 in Invocations
  7639 | D:10     | Noticed a gargoyle
  8045 | D:9      | Killed a gargoyle
  8141 | D:9      | HP: 1/79 [Snorg (13)]
  8143 | D:9      | Mangled by Snorg

Skill      XL: |  1  2  3  4  5  6  7  8  9 10 |
---------------+-------------------------------+-----
Fighting       | 3 4 5 6 7 |  7.0
Armour         | 5 6 8 |  8.4
Staves         | 4 7 8 |  8.4
Dodging        | 5 6 |  6.7
Invocations    | 6 |  6.1
Throwing       | 2 |  2.0

Action                   |  1- 3 |  4- 6 |  7- 9 | 10-12 || total
-------------------------+-------+-------+-------+-------++-------
Melee: Quarterstaff      |    76 |   130 |   265 |       ||   471
       Headbutt          |     7 |    14 |    57 |    60 ||   138
       Unarmed           |     2 |       |       |       ||     2
       Lajatang          |       |       |     9 |   254 ||   263
Throw: Throwing net      |       |     1 |       |       ||     1
Invok: Upheaval          |       |       |       |     1 ||     1
       Elemental Force   |       |       |       |     1 ||     1
Evoke: Wand              |       |       |       |     2 ||     2
  Use: Potion            |     9 |     3 |     2 |     3 ||    17
       Scroll            |     5 |     3 |     5 |     4 ||    17
 Stab: Petrified         |       |     3 |       |       ||     3
       Held in net/web   |       |     2 |       |       ||     2
       Petrifying        |       |     1 |       |       ||     1
       Distracted        |       |       |       |     1 ||     1
  Eat: Chunk             |     1 |     3 |     5 |     2 ||    11
       Meat ration       |       |     1 |     2 |       ||     3
       Beef jerky        |       |       |     1 |       ||     1
       Bread ration      |       |       |       |     2 ||     2
Armor: Leather armour    |    16 |    26 |    30 |       ||    72
       Skin              |       |    31 |       |       ||    31
       Ring mail         |       |       |    62 |    88 ||   150
Dodge: Dodged            |    52 |    75 |   179 |   238 ||   544
Block: Other             |       |       |    14 |    48 ||    62
